 Dungeon Sprint DCSS version 0.21-a0-51-gea492e9 (webtiles) character file.

34 pib the Destroyer (level 7, -7/36 HPs)
             Began as a Deep Elf Wizard on June 11, 2017.
             Was a Believer of Vehumet.
             Killed from afar by Sonja (25 damage)
             ... with a wand of lightning (?/15)
             ... in the Dungeon (Sprint VI: "Thunderdome").
             The game lasted 00:06:59 (357 turns).

pib the Destroyer (Deep Elf Wizard)                  Turns: 357, Time: 00:07:00

Health: -7/36      AC:  2    Str:  8    XL:     7   Next: 52%
Magic:  18/25      EV: 13    Int: 25    God:    Vehumet [**....]
Gold:   75         SH:  0    Dex: 19    Spells: 27/31 levels left

rFire    + . .     SeeInvis .   s - +0 dagger (elec)
rCold    . . .     Gourm    .   (no shield)
rNeg     . . .     Faith    .   a - +0 robe
rPois    +         Spirit   .   b - +0 hat
rElec    .         Reflect  .   (no cloak)
rCorr    .         Harm     .   (no gloves)
MR       +....     NoTele   +   (no boots)
Stlth    +++.......             (no amulet)
Regen    0.2/turn               o - ring "Bodiseem" {MR+ Str+4 Slay-5 Stlth+}
MPRegen  0.2/turn               p - ring "Gifo" {*Slow rPois rF+ Dex+6}

@: no status effects
A: no striking features
a: Renounce Religion


You were in the Dungeon.
You worshipped Vehumet.
Vehumet was pleased with you.
You were not hungry.

You visited 1 branch You collected 210 gold pieces.
You spent 135 gold pieces at shops.

Inventory:

Hand Weapons
 s - a +0 dagger of electrocution (weapon)
Armour
 a - a +0 robe (worn)
 b - a +0 hat (worn)
Jewellery
 o - the ring "Bodiseem" (left hand) {MR+ Str+4 Slay-5 Stlth+}
   (You bought it in a shop in the Dungeon)

   [ring of stealth]

   It affects your strength (+4).
   It affects your accuracy and damage with ranged weapons and melee attacks
   (-5).
   It affects your resistance to hostile enchantments.
   It makes you more stealthy.
 p - the ring "Gifo" (right hand) {*Slow rPois rF+ Dex+6}
   (You bought it in a shop in the Dungeon)

   [ring of dexterity]

   It affects your dexterity (+6).
   It protects you from fire.
   It protects you from poison.
   It may slow you when you take damage.
Wands
 k - a wand of acid (0/15)
 l - a wand of iceblast (0/15)
 q - a wand of random effects (32/48)
Scrolls
 j - 4 scrolls of blinking
 m - 3 scrolls of fog
Potions
 e - a potion of curing
 f - 4 potions of heal wounds
 g - 4 potions of haste
 h - 2 potions of magic
 i - a potion of berserk rage
 n - a potion of resistance
Books
 c - a book of Minor Magic

   Spells                             Type                      Level
   a - Magic Dart                     Conjuration                  1
   b - Blink                          Translocation                2
   c - Call Imp                       Summoning                    2
   d - Slow                           Hexes                        2
   e - Conjure Flame                  Conjuration/Fire             3
   f - Mephitic Cloud                 Conjuration/Poison/Air       3
Comestibles
 d - a bread ration
 r - 3 chunks of flesh


   Skills:
 - Level 2.4 Dodging
 - Level 2.4 Stealth
 + Level 12.9 Spellcasting
 * Level 14.1 Conjurations
   Level 1.1 Summonings
   Level 1.1 Translocations


You had 27 spell levels left.
You knew the following spells:

 Your Spells              Type           Power        Failure   Level  Hunger
a - Magic Dart            Conj           ####         0%          1    None
b - Mephitic Cloud        Conj/Pois/Air  #####...     1%          3    None


Dungeon Overview and Level Annotations

Branches:
Dungeon (1/1)

Altars:
Cheibriados
Dithmenos
Fedhas
Gozag
Kikubaaqudgha
Makhleb
Okawaru
Qazlal
Ru
Sif Muna
Trog
Uskayaw
Vehumet
Wu Jian
Xom
Yredelemnul
Zin
The Shining One
Beogh
Jiyva
Lugonu

Shops:
D *[%??*?*:[((!!!!

Annotations:
D Sonja


Message History

Items here: % ) [ ÷ a whip of freezing; a robe; 4 inedible chunks of flesh the big kobold skeleton of Pikel You start resting.
Get ready!
You start resting.
ROUND 3!
FIGHT!
You start resting.
Sonja, the Graceful Assassin comes into view.
She is wielding a short sword of distortion.
Evoke which item? (* to show all) (? for menu, Esc to quit)
Aiming: Iceblast
Press: ? - help, Shift-Dir - straight line The mass of ice explodes!
The iceblast engulfs Sonja.
Sonja is moderately wounded.
Sonja shouts!
This wand has 0 charges left.
Sonja plants her feet in a plie.
Sonja zaps a wand.
The bolt of lightning hits you!
Ouch! That really hurt!
You die...

##.....## ##∩.....∩##
#∩....K..∩# #_......._#
#........_# #_......._#
###.........###
#⌠...........⌠#
######.8$@.......8.######
##∩___[.....###..[...___∩##
###∩........8.# #.8........∩#
##.............###............
#⌠..........###...###.........
#⌠..........# #.<.# #.........
#⌠..........###...###.........
##.....†.......###............
###∩.[......8.# #.8........∩#


You could see Sonja.

Vanquished Creatures
  Pikel (D)
  Sigmund (D)
  A big kobold (D)
  Jessica (D)
  Terence (D)
  An adder (D)
  A goblin (D)
  3 kobolds (D)
  A rat (D)
11 creatures vanquished.

Notes
Turn   | Place    | Note
-------+----------+-------------------------------------------
     0 | D        | pib the Deep Elf Wizard began the quest for the Orb.
     0 | D        | Reached XP level 1. HP: 10/10 MP: 7/7
     1 | D        | Found a glowing silver altar of Zin.
     1 | D        | Found a deep blue altar of Sif Muna.
     2 | D        | Found a sacrificial altar of Ru.
     2 | D        | Found a hide-covered altar of Uskayaw.
     3 | D        | Found an iron altar of Okawaru.
     4 | D        | Found an ornate altar of the Wu Jian Council.
     4 | D        | Found Zafaoq's Weapon Rack.
     4 | D        | Found Jyrred's Premium Goods.
     5 | D        | Found a basalt altar of Yredelemnul.
     5 | D        | Found Gidghaliph's Basic Armour.
     5 | D        | Found Filaur's Miscellaneous Merchandise.
     5 | D        | Round 1.
    23 | D        | Found a burning altar of Makhleb.
    24 | D        | Found an opulent altar of Gozag.
    25 | D        | Found a corrupted altar of Lugonu.
    25 | D        | Found Kumav's Identification Station.
    26 | D        | Noticed Jessica
    26 | D        | Found Lurphajue's Advanced Armour.
    26 | D        | Found Faggugh's Jewellery.
    31 | D        | Found an ancient bone altar of Kikubaaqudgha.
    31 | D        | Found a viscous altar of Jiyva.
    31 | D        | Found a bloodstained altar of Trog.
    31 | D        | Found Yfohe's Bee Food.
    32 | D        | Killed Jessica
    32 | D        | Reached skill level 5 in Conjurations
    32 | D        | Reached XP level 2. HP: 15/15 MP: 4/11
    40 | D        | Reached XP level 3. HP: 19/19 MP: 3/12
    49 | D        | Noticed Terence
    52 | D        | Killed Terence
    52 | D        | Reached skill level 6 in Conjurations
    54 | D        | Found a snail-covered altar of Cheibriados.
    56 | D        | Found a blossoming altar of Fedhas.
    56 | D        | Found Jaskeip's Magic Scroll Shop.
    57 | D        | Found Ciedocw's Magic Scroll Shop.
    57 | D        | Found Pasoit's Must-Have Magic.
    58 | D        | Found a stormy altar of Qazlal.
    58 | D        | Found a shimmering altar of Xom.
    58 | D        | Found a radiant altar of Vehumet.
    58 | D        | Found Kyump's Staff Store.
    62 | D        | Found a roughly hewn altar of Beogh.
    66 | D        | Became a worshipper of Vehumet
    73 | D        | Learned a level 3 spell: Mephitic Cloud
   134 | D        | Bought a heavily runed wooden ring for 45 gold pieces
   134 | D        | Bought a vibrating ruby amulet for 45 gold pieces
   134 | D        | Identified the ring "Bodiseem" {MR+ Str+4 Slay-5 Stlth+} (You bought it in a shop in the Dungeon)
   135 | D        | Identified the amulet "Sucwiq" {Inacc -Tele rElec Dex+2} (You bought it in a shop in the Dungeon)
   140 | D        | Bought a wavering pewter ring for 45 gold pieces
   140 | D        | Identified the ring "Gifo" {*Slow rPois rF+ Dex+6} (You bought it in a shop in the Dungeon)
   156 | D        | Noticed Sigmund
   161 | D        | Killed Sigmund
   161 | D        | Reached skill level 10 in Conjurations
   161 | D        | Reached XP level 4. HP: 24/24 MP: 13/17
   161 | D        | Reached XP level 5. HP: 28/28 MP: 14/19
   163 | D        | Found a shadowy altar of Dithmenos.
   164 | D        | Found a glowing golden altar of the Shining One.
   165 | D        | Found Acug's Distillery.
   171 | D        | Found Xyigis's Distillery.
   171 | D        | Found Peireunu's Bottled Wisdom.
   171 | D        | Found Yssunean's Do-It-Yourself Clinic.
   180 | D        | Arena points: 6 (+6) [x1]
   195 | D        | Round 2.
   214 | D        | Reached * piety under Vehumet
   214 | D        | Offered knowledge of Sandblast by Vehumet.
   225 | D        | Reached skill level 10 in Spellcasting
   225 | D        | Reached skill level 11 in Conjurations
   225 | D        | Reached XP level 6. HP: 32/32 MP: 21/21
   267 | D        | Reached ** piety under Vehumet
   292 | D        | Noticed Pikel
   308 | D        | Killed Pikel
   308 | D        | Arena points: 34 (+28) [x2]
   308 | D        | Reached skill level 14 in Conjurations
   308 | D        | Reached XP level 7. HP: 12/36 MP: 8/25
   353 | D        | Round 3.
   357 | D        | Noticed Sonja
   357 | D        | Killed from afar by Sonja

Vault maps used:
D:        arena_sprint

Skill      XL: |  1  2  3  4  5  6 |
---------------+-------------------+-----
Spellcasting   | 6 9 10 12 | 12.9
Conjurations   | 5 10 11 14 | 14.1
Dodging        | |  2.4
Stealth        | |  2.4
Summonings     | |  1.1
Translocations | |  1.1

Action                   |  1- 3 |  4- 6 |  7- 9 || total
-------------------------+-------+-------+-------++-------
Melee: Unarmed           |       |     3 |       ||     3
 Cast: Magic Dart        |     7 |    19 |     1 ||    27
Evoke: Wand              |     5 |     5 |     1 ||    11
 Stab: Paralysed         |       |     3 |       ||     3
Dodge: Dodged            |       |     7 |       ||     7
